 Dungeon Crawl Stone Soup version 0.31-a0-963-ga325b2283a (webtiles) character file.

Game seed: 4807322951045867992

149 Arzdou the Cudgeller (level 5, -1/32 HPs)
             Began as a Gargoyle Monk on Oct 25, 2023.
             Slain by Ijyb
             ... wielding a +0 club
              (4 damage)
             ... on level 3 of the Dungeon.
             The game lasted 00:02:27 (1934 turns).

Arzdou the Cudgeller (Gargoyle Monk)                Turns: 1934, Time: 00:02:28

Health: -1/32      AC:  7    Str: 17    XL:     5   Next: 31%
Magic:  5/5        EV: 12    Int: 10    God:
Gold:   140        SH:  0    Dex: 12    Spells: 4/4 levels left

rFire   . . .        a - +0 mace
rCold   . . .        d - orb {light}
rNeg    + . .        h - +0 leather armour
rPois   ∞            (no helmet)
rElec   +            (no cloak)
rCorr   .            (no gloves)
SInv    .            (no boots)
Will    .....        t - amulet of regeneration Stlth
                     (no ring)
HPRegen 1.05/turn    (no ring)
MPRegen 0.09/turn

%: no passive effects
@: confused, ambrosia-drunk, glowing
A: sickness immunity, AC +4, negative energy resistance 1, electricity
resistance, torment resistance 1, petrification resistance
a: no special abilities


You were on level 3 of the Dungeon.
You visited 1 branch of the dungeon, and saw 3 of its levels.

You collected 140 gold pieces.

Inventory:

Hand Weapons
 a - a +0 mace (weapon)
Missiles
 j - 3 poisoned darts
 v - 4 darts of dispersal
Armour
 b - a +0 robe
 d - an orb of light (worn)
 h - a +0 leather armour (worn)
Jewellery
 t - an amulet of regeneration (around neck)
Scrolls
 e - a scroll of fear {unknown}
 f - 4 scrolls of identify {unknown}
 g - 2 scrolls of fog {unknown}
 i - 4 scrolls of vulnerability {unknown}
 l - a scroll of amnesia {unknown}
 o - a scroll of silence {unknown}
 r - a scroll of enchant armour {unknown}
 s - a scroll of teleportation {unknown}
Potions
 k - a potion of degeneration {unknown}
 m - a potion of curing {unknown}
 n - a potion of heal wounds {unknown}
 p - a potion of haste {unknown}
 q - a potion of brilliance {unknown}
 u - 2 potions of attraction {unknown}


   Skills:
 - Level 3.2 Fighting
 + Level 5.8 Maces & Flails
 - Level 2.4 Dodging


You had 4 spell levels left.
You didn't know any spells.
Your spell library contained the following spells:

 Spells                   Type           Power      Damage    Failure   Level
 Kiss of Death            Conj/Necr      0%         2d5       43%         1
 Confusing Touch          Hex            0%         N/A       80%         3
 Dispel Undead            Necr           0%         3d6       99%         4


Dungeon Overview and Level Annotations

Branches:
Dungeon (3/15)

Altars:

Annotations:
D:3 Ijyb, Robin


Innate Abilities, Weirdness & Mutations

You are immune to sickness and miasma.
Your stone body is resilient. (AC +4)
You are immune to poison.
You resist negative energy. (rN+)
You are resistant to electric shocks. (rElec)
You are resistant to unholy torment.
You are immune to petrification.


Message History

The goblin hits you but does no damage.
You hit Ijyb but do no damage.
Ijyb is lightly wounded.
The goblin barely misses you.
Ijyb zaps a wand.
The roots erupt in riotous growth!
The grasping roots grab you!
The goblin is unaffected.
Ijyb is unaffected.
The goblin is unaffected.
The grasping roots constrict you. The goblin hits you with a +0 dagger.
You hear an angry hiss.
You sock Ijyb!
Ijyb is heavily wounded.
The goblin hits you but does no damage. Ijyb misses you.
The grasping roots constrict you! The goblin hits you but does no damage.
You barely miss Ijyb.
Ijyb is heavily wounded.
The goblin hits you but does no damage. Ijyb hits you with a +0 club.
The grasping roots constrict you. The goblin hits you but does no damage.
You hit Ijyb.
Ijyb is severely wounded.
The goblin hits you but does no damage. Ijyb barely misses you.
The grasping roots constrict you. The goblin hits you with a +0 club.
An endoplasm comes into view.
The goblin barely misses you. Ijyb closely misses you.
The grasping roots constrict you. The goblin hits you with a +0 club.
* * * LOW HITPOINT WARNING * * *
Robin throws the goblin at you!
The grasping roots release their grip on you.
You barely miss Ijyb.
Ijyb is severely wounded.
The goblin hits you with a +0 club.
* * * LOW HITPOINT WARNING * * *
The goblin barely misses you. The goblin hits you but does no damage.
Ijyb hits you with a +0 club!
* * * LOW HITPOINT WARNING * * *
You are confused.
You feel invigorated. The goblin barely misses you.
The goblin hits you with a +0 club.
* * * LOW HITPOINT WARNING * * *
The goblin closely misses you. Ijyb hits you with a +0 club.
You die...

......[............
..###.<..##.............
..#......##.......#'#...
..........#.............
..#..................J..
................g.......
.#.............#ggg.....
.#.............#ggg.g...
##.###.........#@# ##.#
#.........gg#
.#.###...........###
.#.................##..
.####........†..........
>'.##...................
.#.##......#............
.#.##......#............
...##......#............


You could see Ijyb (strong), Robin, an endoplasm, 3 hobgoblins and 5 goblins.

Vanquished Creatures
  A scorpion (D:2)
  3 adders (D:2)
  2 worms (D:3)
  2 dart slugs
  An orc (D:3)
  2 endoplasms
  2 giant cockroaches (D:3)
  A goblin (D:3)
  4 hobgoblins
  20 jackals
  2 quokkas (D:1)
  2 ball pythons
  2 frilled lizards
  2 kobolds
  6 rats
52 creatures vanquished.

Notes
Turn   | Place    | Note
-------+----------+-------------------------------------------
     0 | D:1      | Arzdou the Gargoyle Monk began the quest for the Orb.
     0 | D:1      | Reached XP level 1. HP: 14/14 MP: 1/1
   429 | D:1      | Reached XP level 2. HP: 19/19 MP: 2/2
   544 | D:1      | Reached skill level 4 in Maces & Flails
   556 | D:1      | Reached XP level 3. HP: 14/23 MP: 3/3
   821 | D:2      | HP: 1/23 [frozen (3)]
   984 | D:2      | Reached XP level 4. HP: 28/28 MP: 4/4
  1196 | D:2      | Noticed a scorpion
  1203 | D:2      | Killed a scorpion
  1204 | D:2      | Reached skill level 5 in Maces & Flails
  1204 | D:2      | Reached XP level 5. HP: 31/32 MP: 5/5
  1922 | D:3      | Noticed Robin
  1924 | D:3      | Noticed Ijyb
  1933 | D:3      | HP: 1/32 [Ijyb/+0 club (7)]
  1934 | D:3      | Slain by Ijyb

Illustrated notes

Levels and vault maps discovered:
D:1:      matt_arrival_refuge, layout_loops_ring
D:2:      minmay_alternating_diamond, layout_loops_ring
D:3:      layout_basic, nrook_mini_vaults, minivault_23, grunt_ministairs_11,
          minmay_misc_feat_square, nicolae_goblin_pals

Skill      XL: |  1  2  3  4 |
---------------+-------------+-----
Maces & Flails | 4 5 |  5.8
Fighting       | |  3.2
Dodging        | |  2.4

Action                     |  1- 3 |  4- 6 || total
---------------------------+-------+-------++-------
  Melee: Mace              |    98 |    64 ||   162
    Use: Potion            |     1 |     1 ||     2
 Armour: Leather armour    |    63 |    56 ||   119
  Dodge: Dodged            |    73 |    37 ||   110

Table legend: (Time is in decaauts)
 A = Elapsed time spent in this place.
 B = Non-inter-level travel time spent in this place.
 C = Inter-level travel time spent in this place.
 D = Time resting spent in this place.
 E = Time spent auto-exploring this place.
 F = Levels seen in this place.
 G = Mean time per level.
                   A        B        C        D        E       F      G
               +--------+--------+--------+--------+--------+-----+--------+
         Total |   1963 |   1890 |     73 |      0 |   1496 |   3 |  654.3 |
       Dungeon |   1963 |   1890 |     73 |      0 |   1496 |   3 |  654.3 |
               +--------+--------+--------+--------+--------+-----+--------+

Top non-repeatable levels by time:
     D:1: 797 daAuts
     D:2: 768 daAuts
     D:3: 397 daAuts
